 Dungeon Crawl Stone Soup version 0.30-a0-1160-g6e42c06551 (webtiles) character file.

Game seed: 2453991845288113013

1974 Biblin the Cleaver (level 9, -5/118 HPs)
             Began as a Hill Orc Fighter on Apr 26, 2023.
             Slain by a two-headed ogre
             ... wielding a +0 giant club
              (10 damage)
             ... on level 6 of the Dungeon.
             The game lasted 00:15:39 (5703 turns).

Biblin the Cleaver (Hill Orc Fighter)               Turns: 5703, Time: 00:15:40

Health: -5/118     AC:  8    Str: 23    XL:     9   Next: 20%
Magic:  0/9        EV: 10    Int:  8    God:
Gold:   446        SH:  5    Dex: 10    Spells: 8/8 levels left

rFire   + . .        a - +0 war axe
rCold   . . .        c - +1 buckler
rNeg    . . .        k - +0 acid dragon scales
rPois   +            (no helmet)
rElec   .            (no cloak)
rCorr   +            (no gloves)
SInv    +            (no boots)
Will    .....        j - amulet of Laack {Spirit rPois Slay+2} Stlth
                     i - ring of protection from fire
HPRegen 0.39/turn    n - ring of see invisible
MPRegen 0.11/turn

%: guardian spirit
@: berserking, very quick
A: no striking features
a: no special abilities


You were on level 6 of the Dungeon.
You visited 1 branch of the dungeon, and saw 6 of its levels.

You collected 446 gold pieces.

Inventory:

Hand Weapons
 a - a +0 war axe (weapon)
Armour
 c - a +1 buckler (worn)
 k - +0 acid dragon scales (worn)
Jewellery
 d - a ring of ice
 i - a ring of protection from fire (left hand)
 j - the amulet of Laack (around neck) {Spirit rPois Slay+2}
   (You acquired it on level 2 of the Dungeon)

   [amulet of guardian spirit]

   It causes incoming damage to be divided between your reserves of health and
   magic.
   Slay:      It affects your accuracy & damage with ranged weapons and melee
   (+2).
   rPois:     It protects you from poison.
 n - a ring of see invisible (right hand)
 s - a ring of magical power
Wands
 g - a wand of acid (11)
Scrolls
 f - 3 scrolls of teleportation
 r - a scroll of acquirement
 t - a scroll of blinking
Potions
 h - 2 potions of invisibility
 o - a potion of cancellation {unknown}
 p - a potion of flight {unknown}
 q - a potion of lignification {unknown}
 v - a potion of brilliance {unknown}


   Skills:
 * Level 7.2 Fighting
 * Level 10.9 Axes
 * Level 7.3 Armour
 + Level 4.4 Shields


You had 8 spell levels left.
You didn't know any spells.
Your spell library contained the following spells:

 Spells                   Type           Power      Damage    Failure   Level
 Beastly Appendage        Tmut           0%         N/A       54%         1
 Magic Dart               Conj           0%         1d3       54%         1
 Searing Ray              Conj           0%         2d4       67%         2
 Wereblood                Tmut           0%         N/A       67%         2
 Spider Form              Tmut/Pois      0%         N/A       88%         3
 Fulminant Prism          Conj/Hex       0%         3d5       99%         4


Dungeon Overview and Level Annotations

Branches:
Dungeon (6/15)
 Temple: D:4-7

Altars:
Cheibriados
Fedhas
Gozag
Kikubaaqudgha
Nemelex Xobeh
Okawaru
Uskayaw
Xom

Shops:
D:3 (


Message History

There is a stone staircase leading up here.
The two-headed ogre shouts in stereo!
You climb upwards.
There is a stone staircase leading down here.
There is a stone staircase leading down here.
You climb downwards.
Found a bloodstained ring mail.
There is a stone staircase leading up here.
You slash the two-headed ogre!
The two-headed ogre is moderately wounded.
The two-headed ogre hits you with a +0 giant club!!
The two-headed ogre hits you with a +0 giant club!
You hit the two-headed ogre but do no damage.
The two-headed ogre is moderately wounded.
You hit the two-headed ogre.
The two-headed ogre is moderately wounded.
You block the two-headed ogre's attack.
The two-headed ogre hits you with a +0 giant club!!
You slash the two-headed ogre!
The two-headed ogre is heavily wounded.
The two-headed ogre hits you with a +0 giant club!
* * * LOW HITPOINT WARNING * * *
The two-headed ogre hits you with a +0 giant club!
* * * LOW HITPOINT WARNING * * *
You hit the two-headed ogre.
The two-headed ogre is heavily wounded.
Sorry, you're not good enough to have a special ability.
A red film seems to cover your vision as you go berserk!
You feel yourself moving faster!
You feel mighty!
The two-headed ogre hits you with a +0 giant club.
* * * LOW HITPOINT WARNING * * *
The two-headed ogre barely misses you.
You barely miss the two-headed ogre.
The two-headed ogre is heavily wounded.
You slice the two-headed ogre!!
The two-headed ogre is severely wounded.
The two-headed ogre hits you with a +0 giant club!
* * * LOW HITPOINT WARNING * * *
The two-headed ogre hits you with a +0 giant club!
You die...

........#...#
....).......# ...
#.............######..#
....#......#O.#...#...##
....##....#.............
.......##..........)....
....... ###.....#....[#
..... #.....##.....#
...#######.....#@.#
.....#.)....<..O<.#
..##)).)....##.##...#
.###.#......#...#####
.##..#........#...
.....#......#...###
..##.#......##.##
..##.........#.#
.#....##.....# #


You could see a two-headed ogre.

Vanquished Creatures
  Maggie (D:6)
  Sigmund (D:5)
  A water moccasin (D:4)
  2 black bears (D:5)
  An ogre (D:5)
  A kobold brigand (D:6)
  A phantom (D:5)
  2 scorpions (D:5)
  A howler monkey (D:5)
  A gnoll bouda (D:4)
  3 jellies
  Crazy Yiuf (D:6)
  6 orc priests
  4 hounds
  A sleepcap (D:4)
  3 iguanas
  4 orc wizards
  3 gnolls (D:4)
  6 adders
  A shadow imp (D:4)
  A worm (D:3)
  19 orcs
  11 bats
  8 endoplasms
  3 giant cockroaches
  6 hobgoblins
  15 jackals (D:2)
  4 quokkas
  8 ball pythons
  3 frilled lizards
  9 goblins
  14 kobolds
  6 rats
151 creatures vanquished.

Vanquished Creatures (others)
  A butterfly (D:6)
  2 plants (D:3)
3 creatures vanquished.

Grand Total: 154 creatures vanquished

Notes
Turn   | Place    | Note
-------+----------+-------------------------------------------
     0 | D:1      | Biblin the Hill Orc Fighter began the quest for the Orb.
     0 | D:1      | Reached XP level 1. HP: 19/19 MP: 1/1
     6 | D:1      | Noticed a water moccasin
     6 | D:1      | Noticed a lindwurm
     6 | D:1      | Noticed a black bear
     7 | D:1      | Noticed a hog
     7 | D:1      | Noticed an iguana
    93 | D:1      | Reached XP level 2. HP: 21/27 MP: 2/2
   535 | D:1      | Reached skill level 3 in Axes
   814 | D:2      | Reached XP level 3. HP: 32/33 MP: 3/3
   864 | D:2      | Identified a scroll of acquirement
   864 | D:2      | Acquired the amulet of Laack {Spirit rPois Slay+2}
   974 | D:2      | Reached XP level 4. HP: 41/41 MP: 4/4
  1157 | D:2      | Reached skill level 4 in Axes
  1630 | D:3      | Found Demasucs's Weapon Shop.
  1702 | D:3      | Reached XP level 5. HP: 41/47 MP: 5/5
  2035 | D:3      | Reached skill level 5 in Axes
  2320 | D:3      | Found a sparkling altar of Nemelex Xobeh.
  2466 | D:4      | Noticed a water moccasin
  2478 | D:4      | Killed a water moccasin
  2479 | D:4      | Reached skill level 5 in Fighting
  2479 | D:4      | Reached skill level 6 in Axes
  2479 | D:4      | Reached XP level 6. HP: 50/56 MP: 6/6
  3025 | D:4      | Reached skill level 7 in Axes
  3101 | D:4      | Reached XP level 7. HP: 61/61 MP: 7/7
  3546 | D:5      | Entered Level 5 of the Dungeon
  3593 | D:5      | Reached skill level 5 in Armour
  3767 | D:5      | Noticed Sigmund
  3849 | D:5      | Found an iron altar of Okawaru.
  3930 | D:5      | Reached skill level 8 in Axes
  4002 | D:5      | Killed Sigmund
  4003 | D:5      | Reached XP level 8. HP: 61/70 MP: 8/8
  4131 | D:5      | Found a blossoming altar of Fedhas.
  4134 | D:5      | Found an ancient bone altar of Kikubaaqudgha.
  4218 | D:5      | Reached skill level 9 in Axes
  4888 | D:6      | Found a snail-covered altar of Cheibriados.
  4946 | D:6      | Found a shimmering altar of Xom.
  4946 | D:6      | Found an opulent altar of Gozag.
  5009 | D:6      | Reached skill level 10 in Axes
  5113 | D:6      | Found a hide-covered altar of Uskayaw.
  5140 | D:6      | Found a runed translucent door.
  5141 | D:6      | Noticed Crazy Yiuf
  5148 | D:6      | Killed Crazy Yiuf
  5246 | D:6      | Noticed Maggie
  5297 | D:6      | HP: 1/56 [Maggie/bolt of fire (13)]
  5301 | D:6      | Killed Maggie
  5302 | D:6      | Reached XP level 9. HP: 10/79 MP: 1/9
  5650 | D:6      | Noticed a two-headed ogre
  5703 | D:6      | HP: 5/118 [two-headed ogre/+0 giant club (8)]
  5703 | D:6      | Slain by a two-headed ogre

Illustrated notes

Levels and vault maps discovered:
D:1:      onia_arrival_zoo_common, layout_loops_ring
D:2:      layout_basic, hangedman_decor_growths
D:3:      layout_loops_ring, nemelex_diamond_rough_becter, serial_forest,
          infiniplex_forest_end_1, infiniplex_forest_straight_1,
          infiniplex_forest_clump_large, infiniplex_forest_lined_ring,
          infiniplex_forest_lined_3_way, serial_shops,
          nicolae_shop_bloodbath_and_beyond, st_stairs_9, grunt_ministairs_13
D:4:      layout_basic
D:5:      layout_loops_ring, grunt_temple_overflow_growth_and_decay,
          amcnicky_altar_gilded, uniq_sigmund
D:6:      layout_cave_pools, nicolae_elyvilon_peaceful_grove,
          mainiacjoe_overflow_24_doors, mainiacjoe_overflow_alcove_2,
          mainiacjoe_overflow_large_starburst, palyth_stone_intersect,
          minmay_misc_feat_tower, uniq_crazy_yiuf_cottage, uniq_maggie

Skill      XL: |  1  2  3  4  5  6  7  8 |
---------------+-------------------------+-----
Fighting       | 4 5 7 |  7.2
Axes           | 3 4 6 7 8 10 | 10.9
Armour         | 4 5 7 |  7.3
Shields        | 4 |  4.4

Action                     |  1- 3 |  4- 6 |  7- 9 || total
---------------------------+-------+-------+-------++-------
  Melee: War axe           |    74 |   150 |   183 ||   407
    Use: Scroll            |     7 |     2 |     6 ||    15
         Potion            |       |     3 |     2 ||     5
 Armour: Scale mail        |    42 |    81 |    63 ||   186
         Acid dragon scale |       |       |     1 ||     1
  Dodge: Dodged            |    39 |    64 |    62 ||   165
  Block: Buckler           |    15 |    38 |    40 ||    93

Table legend: (Time is in decaauts)
 A = Elapsed time spent in this place.
 B = Non-inter-level travel time spent in this place.
 C = Inter-level travel time spent in this place.
 D = Time resting spent in this place.
 E = Time spent auto-exploring this place.
 F = Levels seen in this place.
 G = Mean time per level.
                   A        B        C        D        E       F      G
               +--------+--------+--------+--------+--------+-----+--------+
         Total |   5768 |   5459 |    309 |    973 |   3420 |   6 |  961.3 |
       Dungeon |   5768 |   5459 |    309 |    973 |   3420 |   6 |  961.3 |
               +--------+--------+--------+--------+--------+-----+--------+

Top non-repeatable levels by time:
     D:5: 1285 daAuts
     D:4: 1129 daAuts
     D:3: 937 daAuts
     D:1: 854 daAuts
     D:6: 837 daAuts
     D:2: 725 daAuts
